 Dungeon Crawl Stone Soup version 0.31.0-12-g77e489cdc1 (webtiles) character file.

Game seed: 13780468725440651488

58 Doomgape the Shield-Bearer (level 3, -7/36 HPs)
             Began as a Troll Fighter on Feb 12, 2024.
             Mangled by a gnoll
             ... wielding a +0 halberd
              (11 damage)
             ... on level 2 of the Dungeon.
             The game lasted 00:02:03 (785 turns).

Doomgape the Shield-Bearer (Troll Fighter)           Turns: 785, Time: 00:02:04

Health: -7/36      AC:  4    Str: 26    XL:     3   Next: 76%
Magic:  2/2        EV:  9    Int:  4    God:
Gold:   34         SH:  7    Dex:  9    Spells: 2/2 levels left

rFire   . .          .
                       - Unarmed
rCold   . . .        b - +0 kite shield
rNeg    . . .        a - +0 robe
rPois   .            (helmet restricted)
rElec   .            (no cloak)
rCorr   .            (gloves unavailable)
SInv    .            (boots unavailable)
Will    .....        (no amulet)
Stlth   +            (no ring)
HPRegen 1.06/turn    (no ring)
MPRegen 0.08/turn

%: no passive effects
@: no status effects
A: large, unfitting armour, claws 3, regeneration 1, shaggy fur 1, tough skin 1
a: no special abilities


You were on level 2 of the Dungeon.
You visited 1 branch of the dungeon, and saw 2 of its levels.

You collected 34 gold pieces.

Inventory:

Armour
 a - a +0 robe (worn)
 b - a +0 kite shield (worn)
Scrolls
 e - 2 scrolls of revelation
 g - a scroll of identify {unknown}
Potions
 c - 2 potions of might
 d - a potion of attraction {unknown}


   Skills:
 + Level 2.9 Fighting
 + Level 2.9 Dodging
 - Level 3.0 Shields
 + Level 2.7 Unarmed Combat


You had 2 spell levels left.
You didn't know any spells.
Your spell library contained the following spells:

 Spells                   Type           Power      Damage    Failure   Level
 Summon Forest            Summ/Tloc      0%         N/A       100%        5
 Eringya's Noxious Bog    Alch           0%         4d6       100%        6
 Summon Hydra             Summ           0%         N/A       100%        7


Dungeon Overview and Level Annotations

Branches:
Dungeon (2/15)

Altars:


Innate Abilities, Weirdness & Mutations

You are too large for most types of armour.
You have claws for hands.
Your natural rate of healing is unusually fast.
You are covered in fur. (AC +1)
You have tough skin. (AC +1)


Message History

A goblin comes into view. It is wielding a +0 club.
The goblin shouts!
You hear a shout!
A gnoll comes into view. It is wielding a +0 spear.
The gnoll shouts!
You hear a shout!
You block the goblin's attack.
You claw the goblin!
You kill the goblin!
A gnoll comes into view. It is wielding a +0 spear.
The gnoll shouts!
You see here a +0 club.
A gnoll comes into view. It is wielding a +0 halberd.
You block the gnoll's attack.
A goblin comes into view. It is wielding a +0 dagger.
The goblin shouts!
The gnoll hits you with a +0 spear.
You scratch the gnoll.
The gnoll is heavily wounded.
The gnoll hits you with a +0 spear. The gnoll barely misses you.
You scratch the gnoll.
The gnoll is almost dead.
The gnoll closely misses you.
The gnoll hits you from afar with a +0 spear.
The gnoll hits you with a +0 spear. You block the gnoll's attack.
The gnoll barely misses you.
You claw the gnoll!
You kill the gnoll!
The gnoll hits you from afar with a +0 halberd.
The gnoll hits you from afar with a +0 spear.
Unknown command.
You block the gnoll's attack. x2
You scratch the gnoll.
The gnoll is moderately wounded.
The gnoll hits you with a +0 halberd!
* * * LOW HITPOINT WARNING * * *
You block the gnoll's attack.
Unknown command.
You completely miss the gnoll.
The gnoll is moderately wounded.
The gnoll hits you with a +0 halberd!
You die...

############
...####...>......#
#...gg@..)......#
......g)..#####..#
.........## #..#
########.# #..#
#.# ###..##
#.####.....######
#..........†.....
######.#...##.#..
#.##..##....


You could see 2 gnolls and a goblin.

Vanquished Creatures
  2 adders (D:2)
  A gnoll (D:2)
  A dart slug (D:2)
  3 bats
  5 endoplasms
  A giant cockroach (D:1)
  3 goblins
  3 kobolds (D:1)
  3 quokkas (D:2)
  3 ball pythons
  2 frilled lizards (D:1)
  3 rats
30 creatures vanquished.

Notes
Turn   | Place    | Note
-------+----------+-------------------------------------------
     0 | D:1      | Doomgape the Troll Fighter began the quest for the Orb.
     0 | D:1      | Reached XP level 1. HP: 22/22 MP: 0/0
   222 | D:1      | Reached XP level 2. HP: 16/29 MP: 1/1
   633 | D:2      | Reached skill level 3 in Shields
   710 | D:2      | Found a faded altar of an unknown god.
   754 | D:2      | Reached XP level 3. HP: 34/36 MP: 2/2
   785 | D:2      | Mangled by a gnoll

Illustrated notes

Levels and vault maps discovered:
D:1:      dpeg_arrival_boxorama, layout_basic, hangedman_decor_lopped,
          nicolae_figureground_sparkle
D:2:      layout_loops_ring, basic_altar,
          hellmonk_ecumenical_altar_leap_of_faith

Skill      XL: |  1  2 |
---------------+-------+-----
Shields        | 3 |  3.0
Fighting       | |  2.9
Dodging        | |  2.9
Unarmed Combat | |  2.7

Action                     || total
---------------------------++-------
  Melee: Unarmed           ||    58
    Use: Scroll            ||     2
 Armour: Robe              ||    27
  Dodge: Dodged            ||    13
  Block: Kite shield       ||    26
